cohdb
Replays
Latest Replays
All Replays
Popular Replays
Top Player Replays
Match Explorer
How It Works
Community
CoH3 Stats
Reddit
Sign in to upload your games and track your stats! →
Sign in with Steam
Match 38191731
Unlisted
Match 38191731
Overview
Messages
Build Orders
End
Panzergrenadier Squad
Selects Armored Support Battlegroup
250 Light Carrier
Panzergrenadier Squad
Construct Light Support Kompanie
Selects Veteran Gunners
Combat Half-tracks
Fire Support Elements
2.5-tonne Medical Truck
Assault Mechanized Group
Veteran Squad Leaders
Construct Panzerarmee Kommand
Selects Flammpanzer III Medium Tank
Panzergrenadier Squad
Panzergrenadier Squad
Walking Stuka Rocket Launcher
Selects Command Panzer IV F Medium Tank
Selects Salvage Kits
Armored Reserves
Assault Grenadier Squad
MG34 Team
Selects Panzer Storm
Tiger Heavy Tank
Selects Stuka Anti-tank Loiter
Emergency Repair Kits
Stuka Anti-tank Loiter
Walking Stuka Rocket Launcher
Stuka Anti-tank Loiter
Command Panzer IV F Medium Tank
Stuka Anti-tank Loiter
Tiger Heavy Tank
Stuka Anti-tank Loiter
mr.Brookerr
_____
simiver
STALKER4732
kit.ohume
Devochkin
0
0
Comments
sign in to comment!
No comments posted yet!